 Dungeon Crawl Stone Soup version 0.31-a0-986-g5e6e4ef867 (webtiles) character file.

Game seed: 445041003387168705

8509 strifetoe the Severer (level 11, 0/97 HPs)
             Began as a Minotaur Monk on Nov 22, 2023.
             Was an Initiate of Gozag.
             Slain by a yaktaur (6 damage)
             ... on level 10 of the Dungeon.
             The game lasted 00:16:33 (9522 turns).

strifetoe the Severer (Minotaur Monk)               Turns: 9522, Time: 00:16:34

Health: 0/97       AC: 29    Str: 24    XL:     11   Next: 10%
Magic:  10/10      EV:  8    Int:  7    God:    Gozag
Gold:   2029       SH:  0    Dex: 13    Spells: 10/10 levels left

rFire   . . .        k - +0 war axe (venom)
rCold   . . .        q - +1 buckler of Diont {rElec Str+2}
rNeg    + . .        A - +5 plate armour of Hangman {rCorr Str+2 Slay-3}
rPois   +            (helmet restricted)
rElec   +            i - +1 cloak
rCorr   +            C - +1 pair of gloves of the Old World {rElec rN+}
SInv    .            t - +0 pair of boots
Will    .....        f - amulet of the acrobat Stlth
                     g - +4 ring of protection
HPRegen 0.36/turn    B - ring of poison resistance
MPRegen 0.12/turn

%: acrobat
@: confused, mighty, gold aura
A: horns 2, retaliatory headbutt
a: Renounce Religion, Potion Petition, Call Merchant, Bribe Branch


You were on level 10 of the Dungeon.
You worshipped Gozag.
Gozag was most pleased with you.
You visited 1 branch of the dungeon, and saw 10 of its levels.

You collected 2029 gold pieces.

Inventory:

Hand Weapons
 a - a +0 hand axe
 k - a +0 war axe of venom (weapon)
 D - a +1 heavy war axe
Missiles
 L - 2 throwing nets
Armour
 i - a +1 cloak (worn)
 q - the +1 buckler of Diont (worn) {rElec Str+2}
   (You found it on level 3 of the Dungeon)

   Str+2:     It affects your strength (+2).
   rElec:     It insulates you from electricity.
 r - a +0 pair of gloves
 t - a +0 pair of boots (worn)
 A - the +5 plate armour of Hangman (worn) {rCorr Str+2 Slay-3}
   (You found it on level 4 of the Dungeon)

   Str+2:     It affects your strength (+2).
   Slay-3:    It affects your accuracy & damage with ranged weapons and melee
   (-3).
   rCorr:     It protects you from acid and corrosion.
 C - the +1 pair of gloves of the Old World (worn) {rElec rN+}
   (You found it on level 7 of the Dungeon)

   rElec:     It insulates you from electricity.
   rN+:       It protects you from negative energy.
Jewellery
 f - an amulet of the acrobat (around neck)
 g - a +4 ring of protection (left hand)
 m - a ring of wizardry
 B - a ring of poison resistance (right hand)
Wands
 d - a wand of mindburst (31)
 w - a wand of paralysis (6)
 y - a wand of iceblast (1)
 F - a wand of flame (36)
 H - a wand of digging (3)
Scrolls
 j - 2 scrolls of summoning
 p - 5 scrolls of teleportation
 u - a scroll of revelation
 v - 2 scrolls of immolation
 x - a scroll of fog
 E - a scroll of amnesia
 G - a scroll of blinking
 I - 2 scrolls of identify
 J - a scroll of fear
 K - a scroll of vulnerability
Potions
 b - 3 potions of heal wounds
 c - a potion of ambrosia
 e - 5 potions of brilliance
 h - 2 potions of attraction {unknown}
 l - a potion of mutation
 n - 5 potions of enlightenment
 o - 5 potions of curing
 s - 2 potions of might
 z - a potion of lignification


   Skills:
 + Level 9.4 Fighting
 + Level 15.9 Axes
 + Level 8.8 Armour
 - Level 3.2 Dodging
 - Level 4.2 Shields


You had 10 spell levels left.
You didn't know any spells.
Your spell library contained the following spells:

 Spells                   Type           Power      Damage    Failure   Level
 Poisonous Vapours        Pois/Air       0%         N/A       100%        2
 Call Canine Familiar     Summ           0%         N/A       100%        3
 Mephitic Cloud           Conj/Pois/Air  0%         N/A       100%        3
 Sigil of Binding         Hex            0%         N/A       100%        3
 Tukima's Dance           Hex            0%         N/A       100%        3
 Dimensional Bullseye     Hex/Tloc       0%         N/A       100%        4
 Leda's Liquefaction      Hex/Erth       0%         N/A       100%        4
 Passage of Golubria      Tloc           0%         N/A       100%        4
 Freezing Cloud           Conj/Ice/Air   0%         6-21      100%        5
 Yara's Violent Unravell  Hex/Tmut       0%         3d3       100%        5


Dungeon Overview and Level Annotations

Branches:
Dungeon (10/15)            Temple (0/1) D:7            Lair (0/5) D:9
    Orc (0/2) D:10

Altars:
Cheibriados
Dithmenos
Gozag
Hepliaklqana
Kikubaaqudgha
Makhleb
Okawaru
Ru
Sif Muna
Trog
Uskayaw
Vehumet
Wu Jian
Xom
Yredelemnul
The Shining One

Shops:
D:3 (   D:10 (

Annotations:
D:3 1 runed translucent door, zenocrate's ghost, weakling DgIE


Innate Abilities, Weirdness & Mutations

You have a pair of horns on your head.
You reflexively headbutt those who attack you in melee.


Message History

* * * LOW HITPOINT WARNING * * *
Unknown command.
You hit the efreet.
The efreet looks as sick as possible!
The efreet is almost dead.
The efreet barely misses you. You furiously retaliate!
You headbutt the efreet!
You kill the efreet!
Unknown command.
You hit something. You headbutt something.
Unknown command.
Unknown command.
You slash the boulder beetle!
The boulder beetle is poisoned.
The boulder beetle is moderately wounded.
You hit the boulder beetle but do no damage.
The boulder beetle looks as sick as possible!
You headbutt the boulder beetle!
The boulder beetle is heavily wounded.
The boulder beetle waves its antennae.
You block the boulder beetle's attack.
You barely miss the boulder beetle.
You headbutt the boulder beetle, but do no damage.
The boulder beetle is heavily wounded.
You slash the boulder beetle!
You headbutt the boulder beetle, but do no damage.
The boulder beetle is severely wounded.
Unknown command.
Something barely misses you. Something closely misses you.
The yaktaur unwields a +0 arbalest.
The yaktaur misses you. The boulder beetle misses you. You furiously retaliate!
You headbutt the boulder beetle!
The boulder beetle leaps!
Things that are here:
18 gold pieces; a +4 scimitar of flaming Unknown command.
You slash something! You hit the yaktaur.
The yaktaur is poisoned.
You slash the boulder beetle!
You hear some strange, mumbled words.
You are confused.
The boulder beetle bites you but does no damage.
The yaktaur hits you.
You die...
Your body crumbles into a pile of gold.

#......)))...##...#.**,##.#....
#.......)###.....###*,,,####..#
#........# ###..##,,,,,,,,,##..
#........# #..###***,,,***###.
#........####.##?# **,** #|##
#........##...(#.# ***,#** #.#.
#........#..#.##.##*,...,**#B##
#####.##...####c..##....,**...#
#..###.##..@.$.......,,,...B
##.## #..##'#B..##....,**...#
#..# ##..#.##.##*☼,,.,**#$##
##'#######....#.# ***,*** #.#.
#......# ##..##[# **,** #[##
#......# #...###***,,,***###.
#......####.+..##,,,,,,,,,##..
#......'....#...####,,,####...
#......######.#..#.##,##.#(.##


You could see a boulder beetle and a yaktaur (very poisoned).

Vanquished Creatures
  2 two-headed ogres (D:10)
  An ugly thing (D:10)
  A komodo dragon (D:8)
  An efreet (D:10)
  Grinder (D:5)
  A hornet (D:10)
  A wraith (D:9)
  A shadow (D:9)
  6 yaks (D:10)
  A steam dragon (D:8)
  3 wargs
  Menkaure (D:5)
  An acid dragon (D:9)
  A water moccasin (D:6)
  4 orc warriors
  2 ice beasts
  A sky beast (D:7)
  3 ogres
  7 centaurs
  4 bullfrogs
  2 kobold brigands
  3 gnoll sergeants
  2 scorpions
  10 wights
  2 howler monkeys
  A crimson imp (D:5)
  4 jellies
  A gnoll bouda (D:10)
  4 hounds
  6 orc priests
  4 sleepcaps
  4 iguanas (D:8)
  Ijyb (D:5)
  9 orc wizards
  15 gnolls
  6 adders
  A shadow imp (D:5)
  2 white imps
  4 ufetubi
  2 worms
  2 dart slugs
  52 orcs
  7 ball pythons
  5 bats
  7 endoplasms
  6 giant cockroaches
  5 goblins
  7 hobgoblins
  3 jackals (D:2)
  3 quokkas
  8 frilled lizards
  23 kobolds
  8 rats
262 creatures vanquished.

Notes
Turn   | Place    | Note
-------+----------+-------------------------------------------
     0 | D:1      | strifetoe the Minotaur Monk began the quest for the Orb.
     0 | D:1      | Reached XP level 1. HP: 19/19 MP: 0/0
   137 | D:1      | Reached skill level 4 in Axes
   145 | D:1      | Reached XP level 2. HP: 4/26 MP: 1/1
   420 | D:1      | Reached skill level 5 in Axes
   536 | D:1      | Reached XP level 3. HP: 29/31 MP: 2/2
   757 | D:1      | Reached skill level 1 in Armour
  1190 | D:2      | Found a sacrificial altar of Ru.
  1278 | D:2      | Reached XP level 4. HP: 39/39 MP: 3/3
  1740 | D:3      | Identified the of Woevoem
  1740 | D:3      | Identified the "Uppoyg"
  1740 | D:3      | Identified the of Qegia
  1851 | D:3      | Reached skill level 6 in Axes
  2029 | D:3      | Found a shimmering blue altar of Sif Muna.
  2039 | D:3      | Identified the +1 buckler of Diont {rElec Str+2}
  2094 | D:3      | Found a runed translucent door.
  2094 | D:3      | Noticed zenocrate's ghost (weakling DgIE)
  2134 | D:3      | Reached XP level 5. HP: 40/45 MP: 4/4
  2354 | D:3      | Found Zadoc's Weapon Shop.
  2362 | D:3      | Found an opulent altar of Gozag.
  2414 | D:3      | Became a worshipper of Gozag Ym Sagoz the Greedy
  2441 | D:3      | Found a faded altar of an unknown god.
  2511 | D:3      | Reached skill level 1 in Shields
  2862 | D:4      | Identified the +5 plate armour of Hangman {rCorr Str+2
                  | Slay-3}
  2937 | D:4      | Reached skill level 7 in Axes
  3028 | D:4      | You fall into a shaft and drop 2 floors!
  3030 | D:6      | Found a hide-covered altar of Uskayaw.
  3097 | D:6      | Reached XP level 6. HP: 48/51 MP: 5/5
  3156 | D:5      | Entered Level 5 of the Dungeon
  3160 | D:5      | Noticed Ijyb
  3187 | D:5      | Killed Ijyb
  3275 | D:5      | Reached skill level 8 in Axes
  3371 | D:4      | Reached XP level 7. HP: 26/57 MP: 6/6
  3961 | D:5      | Noticed Grinder
  3975 | D:5      | Paralysed by Grinder for 2 turns
  3983 | D:5      | Paralysed by Grinder for 4 turns
  3998 | D:5      | Killed Grinder
  3999 | D:5      | Reached skill level 9 in Axes
  4261 | D:5      | Noticed Menkaure
  4268 | D:5      | Killed Menkaure
  4269 | D:5      | Reached skill level 10 in Axes
  4269 | D:5      | Reached XP level 8. HP: 63/64 MP: 7/7
  4469 | D:5      | Found a shimmering altar of Xom.
  4469 | D:5      | Found a burning altar of Makhleb.
  4829 | D:6      | Reached skill level 11 in Axes
  5214 | D:6      | Reached skill level 12 in Axes
  5424 | D:6      | Found a shadowy altar of Dithmenos.
  5428 | D:6      | Found a hazy altar of Hepliaklqana.
  5555 | D:7      | Reached skill level 13 in Axes
  5603 | D:7      | Reached XP level 9. HP: 70/70 MP: 8/8
  5651 | D:7      | Identified the +1 pair of gloves of the Old World {rElec
                  | rN+}
  5782 | D:7      | Found an ancient bone altar of Kikubaaqudgha.
  5796 | D:7      | Found a staircase to the Ecumenical Temple.
  5891 | D:7      | Found a snail-covered altar of Cheibriados.
  6073 | D:7      | Found a basalt altar of Yredelemnul.
  6254 | D:7      | Reached skill level 14 in Axes
  6656 | D:8      | Found an ornate altar of the Wu Jian Council.
  6803 | D:8      | Found a radiant altar of Vehumet.
  6887 | D:8      | Noticed a komodo dragon
  6898 | D:8      | Killed a komodo dragon
  6899 | D:8      | Reached skill level 5 in Fighting
  7140 | D:8      | Found a glowing golden altar of the Shining One.
  7190 | D:8      | Found a radiant altar of Vehumet.
  7304 | D:8      | Reached skill level 5 in Armour
  7781 | D:9      | Found a staircase to the Lair.
  7967 | D:9      | Reached XP level 10. HP: 80/84 MP: 9/9
  8066 | D:9      | Found an iron altar of Okawaru.
  8580 | D:10     | Entered Level 10 of the Dungeon
  8615 | D:10     | Reached skill level 15 in Axes
  8721 | D:10     | Found a staircase to the Orcish Mines.
  8952 | D:10     | Noticed a boulder beetle
  8952 | D:10     | Noticed a boulder beetle
  9111 | D:10     | Found Senoahor's Antique Weapon Shoppe.
  9372 | D:10     | Found a bloodstained altar of Trog.
  9473 | D:10     | Noticed a two-headed ogre
  9478 | D:10     | Noticed a two-headed ogre
  9486 | D:10     | Killed a two-headed ogre
  9490 | D:10     | Noticed a purple ugly thing
  9491 | D:10     | Killed a two-headed ogre
  9492 | D:10     | Reached XP level 11. HP: 46/97 MP: 10/10
  9511 | D:10     | Killed a purple ugly thing
  9514 | D:10     | HP: 4/97 [efreet/+4 scimitar of flaming (6)]
  9522 | D:10     | Slain by a yaktaur

Illustrated notes

Levels and vault maps discovered:
D:1:      shiori_shiawase, layout_basic, minmay_three_crescents
D:2:      layout_basic, basic_altar
D:3:      layout_basic, grunt_gozag_breadcrumbs, lemuel_tele_altar,
          serial_shops, nicolae_shop_bloodbath_and_beyond,
          gammafunk_ghost_grave, shapermc_ecumenical_altar_ellora
D:4:      layout_rooms, kennysheep_generic_room_12
D:5:      layout_rooms, grunt_temple_overflow_champion_of_chaos,
          corexii_leaking_fountain, serial_bayou_pond_d, grunt_decor_one_mirror,
          uniq_menkaure, uniq_grinder, uniq_ijyb
D:6:      layout_loops_cross, riverfiend_overflow_shadow_ancestor,
          nicolae_uskayaw_murder_on_the_dancefloor, hangedman_decor_riveting
D:7:      layout_rooms, mainiacjoe_overflow_alcove_2, slow_altar_2,
          nicolae_overflow_hidden_temple, minmay_temple_entry_hall,
          nicolae_titane
D:8:      layout_basic, tso_oasis_becter, mainiacjoe_overflow_six_doors_small,
          vehumet_altar_wand_db, kennysheep_diamond, minmay_lizard_king
D:9:      layout_rooms, okawaru_ov_weapons_minmay, erik_lair_orcish_takeover
D:10:     layout_roguey, mainiacjoe_overflow_cross_hatched, david_orc_5,
          enter_bailey_2, serial_shops, shop, minmay_fractal_squares_gapless_7

Skill      XL: |  1  2  3  4  5  6  7  8  9 10 |
---------------+-------------------------------+-----
Axes           | 4 5 6 7 8 10 13 14 15 | 15.9
Armour         | 1 2 5 8 |  8.8
Shields        | 2 3 4 |  4.2
Fighting       | 6 9 |  9.4
Dodging        | |  3.2

Action                     |  1- 3 |  4- 6 |  7- 9 | 10-12 || total
---------------------------+-------+-------+-------+-------++-------
  Melee: Hand axe          |    69 |   164 |    14 |       ||   247
         Headbutt          |    15 |    40 |    45 |    36 ||   136
         War axe           |       |       |   228 |   184 ||   412
  Evoke: Wand              |       |       |     5 |     5 ||    10
    Use: Scroll            |       |    12 |     7 |     4 ||    23
         Potion            |       |       |       |     3 ||     3
   Stab: Distracted        |       |     1 |       |       ||     1
 Armour: Robe              |     8 |       |       |       ||     8
         Plate armour      |    33 |   119 |   185 |   121 ||   458
  Dodge: Dodged            |    31 |    59 |   115 |    75 ||   280
  Block: Buckler           |       |    10 |    73 |    38 ||   121

Table legend: (Time is in decaauts)
 A = Elapsed time spent in this place.
 B = Non-inter-level travel time spent in this place.
 C = Inter-level travel time spent in this place.
 D = Time resting spent in this place.
 E = Time spent auto-exploring this place.
 F = Levels seen in this place.
 G = Mean time per level.
                   A        B        C        D        E       F      G
               +--------+--------+--------+--------+--------+-----+--------+
         Total |   9529 |   9069 |    460 |   1126 |   6135 |  10 |  952.9 |
       Dungeon |   9529 |   9069 |    460 |   1126 |   6135 |  10 |  952.9 |
               +--------+--------+--------+--------+--------+-----+--------+

Top non-repeatable levels by time:
     D:8: 1472 daAuts
     D:3: 1092 daAuts
     D:6: 1041 daAuts
     D:1: 1007 daAuts
    D:10: 938 daAuts
     D:5: 917 daAuts
     D:7: 884 daAuts
     D:9: 762 daAuts
     D:2: 735 daAuts
     D:4: 676 daAuts
